 Dungeon Crawl Stone Soup version 0.31-a0-986-g5e6e4ef867 (webtiles) character file.

Game seed: 15551110416445564888

454 zenocrate the Sneak (level 6, -6/41 HPs)
             Began as a Vampire Ice Elementalist on Nov 16, 2023.
             Was an Initiate of Dithmenos.
             Killed from afar by an orc wizard (13 damage)
             ... with a puff of flame
             ... on level 4 of the Dungeon.
             The game lasted 00:04:56 (2959 turns).

zenocrate the Sneak (Vampire Ice Elementalist)      Turns: 2959, Time: 00:04:56

Health: -6/41      AC:  7    Str:  7    XL:     6   Next: 76%
Magic:  4/11       EV: 12    Int: 17    God:    Dithmenos [......]
Gold:   229        SH:  0    Dex: 17    Spells: 3/12 levels left

rFire   . . .        a - +2 dagger (venom)
rCold   + . .        (no shield)
rNeg    . . .        m - +1 leather armour {rC+}
rPois   .            l - +0 helmet
rElec   .            i - +1 cloak
rCorr   .            (no gloves)
SInv    +            (no boots)
Will    .....        (no amulet)
Stlth   +++          h - ring of wizardry
HPRegen 0.46/turn    (no ring)
MPRegen 0.12/turn

%: wizardry (x1)
@: freezing walls, healing quickly
A: alive, fangs 3, see invisible, vampiric 2
a: Exsanguinate, Renounce Religion


You were on level 4 of the Dungeon.
You worshipped Dithmenos.
Dithmenos was noncommittal.
You visited 2 branches of the dungeon, and saw 5 of its levels.
You also visited: Sewer.

You collected 229 gold pieces.

Inventory:

Hand Weapons
 a - a +2 dagger of venom (weapon)
 b - a +4 short sword
Armour
 d - a +0 robe
 g - a +0 buckler
 i - a +1 cloak (worn)
 l - a +0 helmet (worn)
 m - a +1 leather armour of cold resistance (worn)
Jewellery
 h - a ring of wizardry (left hand)
 s - a ring of ice
Scrolls
 c - 2 scrolls of teleportation {unknown}
 f - a scroll of blinking
 k - a scroll of butterflies {unknown}
 n - a scroll of brand weapon {unknown}
 p - 2 scrolls of poison
 q - a scroll of revelation {unknown}
 r - a scroll of identify {unknown}
Potions
 e - 2 potions of enlightenment {unknown}
 j - a potion of magic
 o - a potion of lignification {unknown}


   Skills:
 + Level 4.0 Short Blades
 + Level 1.2 Armour
 - Level 2.1 Dodging
 + Level 5.6 Stealth
 + Level 3.5 Spellcasting
 + Level 5.2 Ice Magic


You had 3 spell levels left.
You knew the following spells:

 Your Spells              Type           Power      Damage    Failure   Level
a - Freeze                Ice            80%        1d9       1%          1
b - Frozen Ramparts       Ice            40%        1d7       3%          3
c - Ozocubu's Armour      Ice            20%        N/A       3%          3
x - Blink                 Tloc           6%         N/A       16%         2

Your spell library contained the following spells:

 Spells                   Type           Power      Damage    Failure   Level
 Summon Ice Beast         Ice/Summ       11%        N/A       32%         4
 Manifold Assault         Tloc           3%         N/A       65%         4


Dungeon Overview and Level Annotations

Branches:
Dungeon (4/15)             Temple (1/1) D:4           Sewer (visited)

Altars:
Cheibriados
Dithmenos
Kikubaaqudgha
Makhleb
Okawaru
Trog
Uskayaw
Vehumet
Wu Jian
Xom
Yredelemnul


Innate Abilities, Weirdness & Mutations

Your natural rate of healing is accelerated.
You have razor-sharp teeth.
You have supernaturally acute eyesight. (SInv)
You are afflicted with vampirism and can become a bat while bloodless.


Message History

Aim: an orc priest, wielding a +0 flail and wearing a +0 ring mail (lightly wounded)
You freeze the orc priest.
The orc priest is heavily wounded.
The wall freezes the orc priest but does no damage.
The orc priest hits you with a +0 flail!
Unknown command.
Casting: Freeze (safe; 1% risk of failure)
Confirm with . or Enter, or press ? or * to list all spells.
Aiming: Freeze (safe; 1% risk of failure)
Press: ? - help, Shift-Dir - straight line, f/p - orc priest
Aim: an orc priest, wielding a +0 flail and wearing a +0 ring mail (heavily wounded)
You freeze the orc priest.
The orc priest is severely wounded.
The wall freezes the orc wizard.
The wall freezes the orc priest but does no damage.
The orc priest hits you with a +0 flail!
* * * LOW HITPOINT WARNING * * *
Unknown command.
Casting: Freeze (safe; 1% risk of failure)
Confirm with . or Enter, or press ? or * to list all spells.
Aiming: Freeze (safe; 1% risk of failure)
Press: ? - help, Shift-Dir - straight line, f/p - orc priest
Aim: an orc priest, wielding a +0 flail and wearing a +0 ring mail (severely wounded)
You freeze the orc priest!
You kill the orc priest!
Dithmenos accepts your kill.
The wall freezes the orc wizard.
The orc wizard completely misses you.
Your Short Blades skill increases to level 4!
Unknown command.
Casting: Freeze (safe; 1% risk of failure)
Confirm with . or Enter, or press ? or * to list all spells.
Aiming: Freeze (safe; 1% risk of failure)
Press: ? - help, Shift-Dir - straight line, f - orc wizard
Aim: an orc wizard, wielding a +0 dagger and wearing a +0 robe (heavily wounded)
You freeze the orc wizard.
The orc wizard is severely wounded.
The wall freezes the orc wizard.
The orc wizard casts a spell at you. The puff of flame hits you!
You die...

... #......... ##+##
###.........#.#...###
...####?............#...#..
....................#...#..
#.................#.##'##.#
..............#...........#
.........)....####......###
#....o.##@...# ###.....)#
#......##o...# ##..##.).
#....)o......# #..#####)
#............# ##..# ##
#..#..##......####..## # #
##. #####........# # #
##.###..## #. #.## ###.##
#. #.# ##.# #.#


You could see an orc wizard.

Vanquished Creatures
  A water moccasin (Sewer)
  An ice beast (D:4)
  3 orc priests
  Robin (D:2)
  2 adders
  A river rat (D:3)
  4 dart slugs
  17 orcs
  9 ball pythons
  8 bats
  9 endoplasms
  2 giant cockroaches (D:3)
  15 goblins
  7 hobgoblins
  7 jackals
  3 quokkas (D:3)
  3 frilled lizards
  4 kobolds
  6 rats
103 creatures vanquished.

Notes
Turn   | Place    | Note
-------+----------+-------------------------------------------
     0 | D:1      | zenocrate the Vampire Ice Elementalist began the quest for
                  | the Orb.
     0 | D:1      | Reached XP level 1. HP: 13/13 MP: 3/3
     2 | D:1      | Noticed a formicid
     2 | D:1      | Noticed a felid
     4 | D:1      | Noticed an armataur
     6 | D:1      | Noticed a spriggan
     6 | D:1      | Noticed a naga
     8 | D:1      | Noticed a gargoyle
     8 | D:1      | Noticed a vampire
    10 | D:1      | Noticed a tengu
    10 | D:1      | Noticed a draconian
    12 | D:1      | Noticed a merfolk
    12 | D:1      | Noticed an ogre
    14 | D:1      | Noticed a meteoran
    14 | D:1      | Noticed a minotaur
    16 | D:1      | Noticed a human
    18 | D:1      | Noticed a demonspawn
    18 | D:1      | Noticed an octopode
    20 | D:1      | Noticed an elf
    20 | D:1      | Noticed a troll
    22 | D:1      | Noticed a vine stalker
    22 | D:1      | Noticed a ghoul
    25 | D:1      | Noticed an octopode
    25 | D:1      | Noticed a demigod
    27 | D:1      | Noticed a draconian
    27 | D:1      | Noticed a vampire
   259 | D:1      | Reached XP level 2. HP: 19/19 MP: 5/5
   265 | D:1      | Found a faded altar of an unknown god.
   444 | D:1      | Reached skill level 1 in Short Blades
   729 | D:1      | Gained mutation: You are afflicted with vampirism and can
                  | become a bat while bloodless. [Vampire growth]
   729 | D:1      | Reached XP level 3. HP: 22/24 MP: 6/6
   733 | D:1      | Learned a level 3 spell: Frozen Ramparts
   990 | D:2      | Learned a level 2 spell: Blink
  1162 | D:2      | Noticed Robin
  1244 | D:2      | Killed Robin
  1245 | D:2      | Reached XP level 4. HP: 21/30 MP: 2/7
  2013 | D:3      | Found a glowing drain.
  2024 | Sewer    | Entered a sewer
  2101 | Sewer    | Noticed a water moccasin
  2111 | Sewer    | Killed a water moccasin
  2112 | Sewer    | Reached XP level 5. HP: 27/35 MP: 5/9
  2303 | D:3      | Reached skill level 5 in Stealth
  2409 | D:3      | Learned a level 3 spell: Ozocubu's Armour
  2453 | D:4      | Reached XP level 6. HP: 30/41 MP: 8/10
  2502 | D:4      | Found a staircase to the Ecumenical Temple.
  2524 | D:4      | Found an ornate altar of the Wu Jian Council.
  2551 | Temple   | Found a transporter.
  2551 | Temple   | Found a transporter.
  2551 | Temple   | Found a transporter.
  2551 | Temple   | Found a transporter.
  2551 | Temple   | Entered the Ecumenical Temple
  2567 | Temple   | Became a worshipper of Dithmenos the Shadowed
  2624 | D:4      | Noticed an ice beast
  2640 | D:4      | Killed an ice beast
  2641 | D:4      | Reached skill level 5 in Ice Magic
  2857 | D:4      | Reached skill level 1 in Armour
  2959 | D:4      | Killed from afar by an orc wizard

Illustrated notes

Levels and vault maps discovered:
D:1:      kb_arrival_jail, layout_basic, hellmonk_ecumenical_altar_crossroads
D:2:      layout_basic, minmay_hedge_maze, kennysheep_another_room, uniq_robin
D:3:      layout_basic, portal_sewer_entry_a, grunt_ministairs_9
D:4:      layout_layer_cave, zin_treasury, nicolae_wu_jian_wuxing_cycle,
          evilmike_ruin_ashenzari, minmay_temple_entry_wispy, serial_shops,
          shop, nicolae_shop_crystal, nicolae_diamond_shop
Temple:   hellmonk_temple_divided_pantheon

Skill      XL: |  1  2  3  4  5  6 |
---------------+-------------------+-----
Short Blades   | 1 2 3 4 |  4.0
Stealth        | 4 5 |  5.6
Spellcasting   | 3 |  3.5
Ice Magic      | 5 |  5.2
Armour         | 1 |  1.2
Dodging        | |  2.1

Action                     |  1- 3 |  4- 6 || total
---------------------------+-------+-------++-------
  Melee: Dagger            |    67 |   104 ||   171
         Unarmed           |     2 |       ||     2
         Bite              |     9 |    13 ||    22
         Short sword       |     5 |       ||     5
         Punch             |     1 |     2 ||     3
   Cast: Freeze            |    22 |    36 ||    58
         Ozocubu's Armour  |       |     1 ||     1
         Frozen Ramparts   |       |     1 ||     1
    Use: Scroll            |       |     4 ||     4
   Stab: Sleeping          |    10 |    13 ||    23
 Armour: Robe              |    39 |       ||    39
         Leather armour    |       |    84 ||    84
  Dodge: Dodged            |    39 |    59 ||    98

Table legend: (Time is in decaauts)
 A = Elapsed time spent in this place.
 B = Non-inter-level travel time spent in this place.
 C = Inter-level travel time spent in this place.
 D = Time resting spent in this place.
 E = Time spent auto-exploring this place.
 F = Levels seen in this place.
 G = Mean time per level.
                   A        B        C        D        E       F      G
               +--------+--------+--------+--------+--------+-----+--------+
         Total |   2948 |   2854 |     94 |     32 |   2070 |   6 |  491.3 |
       Dungeon |   2740 |   2653 |     87 |     32 |   1939 |   4 |  685.0 |
        Temple |     31 |     24 |      7 |      0 |      0 |   1 |   31.0 |
         Sewer |    177 |    177 |      0 |      0 |    131 |   1 |  177.0 |
               +--------+--------+--------+--------+--------+-----+--------+

Top non-repeatable levels by time:
     D:3: 772 daAuts
     D:1: 769 daAuts
     D:2: 705 daAuts
     D:4: 491 daAuts
   Sewer: 177 daAuts
  Temple: 31 daAuts
